 Dungeon Crawl Stone Soup version 0.28-a0-1334-g1c9ffb4daf (webtiles) character file.

Game seed: 2396509915300070177

73 Cheeritup the Chopper (level 4, -9/41 HPs)
             Began as a Hill Orc Monk on Dec 28, 2021.
             Mangled by Sigmund (11 damage)
             ... on level 2 of the Dungeon.
             The game lasted 00:03:35 (1667 turns).

Cheeritup the Chopper (Hill Orc Monk)               Turns: 1667, Time: 00:03:36

Health: -9/41      AC:  5    Str: 13    XL:     4   Next: 27%
Magic:  4/4        EV: 12    Int: 10    God:
Gold:   39         SH:  0    Dex: 15    Spells: 3/3 levels left

rFire   . . .      SeeInvis .   a - +0 hand axe
rCold   . . .      Faith    .   (no shield)
rNeg    . . .      Spirit   .   f - +0 leather armour
rPois   .          Reflect  .   (no helmet)
rElec   .          Harm     .   (no cloak)
rCorr   .          Rampage  .   c - +1 pair of gloves
Will    .....                   (no boots)
Stlth   ++........              (no amulet)
HPRegen 0.13/turn               (no ring)
MPRegen 0.09/turn               (no ring)

@: no status effects
A: no striking features
a: no special abilities


You were on level 2 of the Dungeon.
You visited 1 branch of the dungeon, and saw 2 of its levels.

You collected 39 gold pieces.

Inventory:

Hand Weapons
 a - a +0 hand axe (weapon)
Armour
 c - a +1 pair of gloves (worn)
 f - a +0 leather armour (worn)
Scrolls
 d - a scroll of vulnerability {unknown}
 e - a scroll of immolation {unknown}
 g - a scroll of noise {unknown}
 i - a scroll of identify {unknown}
 j - a scroll of magic mapping {unknown}
Potions
 b - 2 potions of cancellation {unknown}
 h - a potion of lignification {unknown}
 k - 2 potions of might {unknown}


   Skills:
 + Level 4.9 Fighting
 + Level 5.4 Axes
 - Level 2.4 Dodging
 - Level 1.5 Stealth


You had 3 spell levels left.
You didn't know any spells.
Your spell library was empty.

Dungeon Overview and Level Annotations

Branches:
Dungeon (2/15)

Altars:
Ru

Annotations:
D:2 Sigmund


Message History

Sigmund is lightly wounded.
Sigmund barely misses you.
You barely miss Sigmund.
Sigmund is lightly wounded.
You hit Sigmund.
Sigmund is moderately wounded.
Sigmund points at you and mumbles some strange words.
The puff of flame hits you!
* * * LOW HITPOINT WARNING * * *
You hit Sigmund.
Sigmund is moderately wounded.
Sigmund barely misses you.
You hit Sigmund.
Sigmund is heavily wounded.
Sigmund hits you with a +0 scythe.
* * * LOW HITPOINT WARNING * * *
You hit Sigmund.
Sigmund is severely wounded.
You hit Sigmund.
Sigmund is almost dead.
Sigmund barely misses you.
You hit Sigmund but do no damage.
Sigmund is almost dead.
Sigmund barely misses you.
You hit Sigmund but do no damage.
Sigmund is almost dead.
You closely miss Sigmund.
Sigmund is almost dead.
Sigmund barely misses you.
You barely miss Sigmund.
Sigmund is almost dead.
Sigmund points at you and mumbles some strange words.
You resist with some effort.
You hit Sigmund.
Sigmund is almost dead.
Sigmund mumbles some strange words.
Sigmund flickers and vanishes!
Deactivating autopickup; reactivate with Ctrl-A.
You miss something. Something hits you!
You die...

######. #.## #..............
.......##.### ###.#.#####..##
##.....## #.#........# #..###..#
#.#######..# ###.##.##.####.#
#..# . ##...#...#...##.# #..#
...####..####'####..#.#######..#
........##.#)..#$##.#..........#
...###..'..').g{@$#.##########.##
##.##.#...#$##.# #.##
#..####'####..## ####.## ##..
#...#.....# #....##
##.##.##.###.# #.##### ..###..
##.# #.# # ..... #..######.# #
### ###†)....##.## #
#....##......####


You could see a goblin.

Vanquished Creatures
  An adder (D:2)
  2 worms (D:2)
  5 ball pythons
  5 bats
  4 endoplasms
  6 giant cockroaches
  7 goblins
  8 hobgoblins
  3 jackals (D:1)
  3 kobolds
  4 quokkas
  A rat (D:1)
49 creatures vanquished.

Notes
Turn   | Place    | Note
-------+----------+-------------------------------------------
     0 | D:1      | Cheeritup the Hill Orc Monk began the quest for the Orb.
     0 | D:1      | Reached XP level 1. HP: 19/19 MP: 1/1
   175 | D:1      | Reached XP level 2. HP: 26/27 MP: 2/2
   577 | D:1      | Reached XP level 3. HP: 34/34 MP: 3/3
   936 | D:2      | Found a sacrificial altar of Ru.
  1058 | D:2      | Reached skill level 5 in Axes
  1581 | D:2      | Reached XP level 4. HP: 34/41 MP: 4/4
  1636 | D:2      | Noticed Sigmund
  1659 | D:2      | HP: 1/41 [Sigmund (4)]
  1667 | D:2      | Mangled by Sigmund

Illustrated notes

Levels and vault maps discovered:
D:1:      dpeg_arrival_arbitrary_c, layout_loops_ring
D:2:      cheibrodos_greedy_goblins, layout_loops_ring, basic_altar,
          minmay_tetromino_o4, uniq_sigmund

Skill      XL: |  1  2  3 |
---------------+----------+-----
Fighting       | 4 |  4.9
Axes           | 5 |  5.4
Dodging        | |  2.4
Stealth        | |  1.5

Action                   |  1- 3 |  4- 6 || total
-------------------------+-------+-------++-------
Melee: Hand axe          |   148 |    25 ||   173
 Stab: Sleeping          |     3 |       ||     3
Armor: Robe              |    18 |       ||    18
       Leather armour    |    27 |     6 ||    33
Dodge: Dodged            |   117 |    27 ||   144

Table legend: (Time is in decaauts)
 A = Elapsed time spent in this place.
 B = Non-inter-level travel time spent in this place.
 C = Inter-level travel time spent in this place.
 D = Time resting spent in this place.
 E = Time spent auto-exploring this place.
 F = Levels seen in this place.
 G = Mean time per level.
                   A        B        C        D        E       F      G
               +--------+--------+--------+--------+--------+-----+--------+
         Total |   1675 |   1651 |     24 |      0 |   1271 |   2 |  837.5 |
       Dungeon |   1675 |   1651 |     24 |      0 |   1271 |   2 |  837.5 |
               +--------+--------+--------+--------+--------+-----+--------+

Top non-repeatable levels by time:
     D:1: 897 daAuts
     D:2: 778 daAuts
